AoeStats
← Malcolm Little

Nomad

507174601Analyzed
4v4 RM · 16d ago on Sep 17, 2026· 46m 29s· 8 players
Game mode
Random Map
Map size
231×231
Population
200
Speed
Normal
Resources
Standard
Victory
Conquest
Starting age
Dark Age
Ending age
Imperial Age
RankedLock teamsTeams togetherTeam positionsShared explorationLock speedFull tech treeHidden civsTurbo modeCheats
Victory
Defeat
🇺🇸 Spanish · United States
1454
+11
🇩🇴 Spanish · Dominican Republic
1312
+16
🇨🇱 Huns · Chile
1154
+22
🇨🇱 Lithuanians · Chile
1061
+26
🇨🇴 Teutons · Colombia
1404
-22
🇦🇷 Wei · Argentina
1340
-20
🇺🇸 Dravidians · United States
1312
-19
🇨🇷 Bohemians · Costa Rica
1186
-14
Planck Walk
10:41 Loom
13:39 Feudal Age
17:04 Double-Bit Axe
22:30 Castle Age
21:32 Fishing Lines
22:55 Padded Archer Armor
23:00 Fletching
23:36 Bow Saw
24:18 Bodkin Arrow
24:21 Elite Skirmisher
24:55 Town Watch
27:03 Gillnets
32:32 Wheelbarrow
35:24 Wheelbarrow
35:43 Medium Warships
37:30 Ballistics
37:40 Hand Cart
41:46 Thumb Ring
jpipo29
14:22 Feudal Age
14:08 Loom
18:56 Castle Age
16:46 Double-Bit Axe
17:23 Gold Mining
18:38 Fletching
18:44 Stone Mining
19:52 Bow Saw
22:24 Bodkin Arrow
23:37 Padded Archer Armor
26:13 Wheelbarrow
27:27 Ballistics
27:57 Town Watch
28:35 Fishing Lines
35:08 Imperial Age
33:06 Horse Collar
35:41 Heavy Plow
36:02 Bloodlines
35:54 Husbandry
37:41 Conscription
38:08 Gold Shaft Mining
38:38 Hand Cart
38:58 Scale Barding Armor
39:04 Forging
40:22 Chain Barding Armor
42:42 Chemistry
41:54 Masonry
44:11 Iron Casting
44:21 Ming Guang Armor
The Monad
5:07 Loom
12:34 Feudal Age
17:45 Castle Age
16:10 Fishing Lines
16:35 Double-Bit Axe
21:33 Bow Saw
25:05 Wheelbarrow
25:51 Scale Barding Armor
27:58 Chain Barding Armor
28:11 Forging
29:21 Bloodlines
30:58 Iron Casting
31:25 Horse Collar
35:54 Imperial Age
35:07 Heavy Plow
35:28 Gold Mining
35:56 Cavalier
38:16 Blast Furnace
37:58 Plate Barding Armor
40:43 Conscription
41:31 Hand Cart
41:04 Town Watch
45:58 Ballistics
Rexi
4:55 Loom
14:51 Feudal Age
17:15 Wheelbarrow
17:21 Town Watch
22:59 Double-Bit Axe
25:20 Horse Collar
29:55 Castle Age
41:49 Imperial Age
RafaMath
9:58 Loom
13:57 Feudal Age
14:24 Town Watch
15:42 Wheelbarrow
17:45 Double-Bit Axe
24:46 Castle Age
23:40 Padded Archer Armor
24:04 Fletching
23:57 Horse Collar
25:40 Bodkin Arrow
26:54 Bow Saw
29:02 Heavy Plow
32:28 Hand Cart
37:28 Bloodlines
37:19 Husbandry
37:27 Scale Barding Armor
37:32 Forging
40:29 Imperial Age
38:22 Marauders
38:57 Chain Barding Armor
38:54 Gold Mining
40:34 Iron Casting
40:30 Elite Tarkan
41:32 Conscription
41:50 Plate Barding Armor
42:16 Blast Furnace
Malcolm Little
13:30 Feudal Age
16:23 Double-Bit Axe
19:04 Castle Age
19:58 Loom
27:43 Town Watch
29:00 Wheelbarrow
29:00 Bow Saw
31:59 Fletching
32:50 Hand Cart
34:06 Fishing Lines
34:31 Gold Mining
34:22 Horse Collar
35:26 Gillnets
36:46 Scale Barding Armor
37:29 Forging
40:51 Imperial Age
38:44 Husbandry
39:26 Bloodlines
40:04 Chain Barding Armor
41:02 Iron Casting
40:55 Cavalier
42:12 Plate Barding Armor
42:59 Two-Man Saw
41:59 Heavy Plow
44:44 Blast Furnace
44:45 Two-Man Saw
44:54 Paladin
Diheadwarlord
4:52 Loom
12:43 Feudal Age
16:40 Castle Age
17:31 Double-Bit Axe
26:06 Padded Archer Armor
26:49 Horse Collar
28:43 Devotion
30:46 Leather Archer Armor
31:27 Bloodlines
32:51 Husbandry
32:55 Gold Mining
37:57 Imperial Age
35:29 Town Watch
38:24 Wheelbarrow
42:24 Hand Cart
43:15 Ring Archer Armor
42:15 Elite Conquistador
43:40 Light Cavalry
44:29 Scale Barding Armor
46:00 Chain Barding Armor
LACOSA
4:39 Loom
17:41 Feudal Age
23:41 Castle Age
22:42 Fletching
24:04 Padded Archer Armor
34:31 Wheelbarrow
42:27 Imperial Age
Connection lost

Rejoining the realm…

Still unreachable

The connection could not be restored.

Session expired

The server has moved on; the page needs a fresh start.